 Dungeon Crawl Stone Soup version 0.26.1-11-gd32895ea62 (webtiles) character file.

Game seed: 12221794222324145440

49 DildoBatman the Conjurer (level 4, -5/30 HPs)
             Began as a Formicid Conjurer on May 17, 2021.
             Engulfed by a cloud of freezing vapour (30 damage)
             ... on level 2 of the Dungeon.
             The game lasted 00:03:59 (1462 turns).

DildoBatman the Conjurer (Formicid Conjurer)        Turns: 1462, Time: 00:03:59

Health: -5/30      AC:  2    Str: 12    XL:     4   Next: 1%
Magic:  2/7        EV: 12    Int: 18    God:
Gold:   47         SH:  0    Dex:  9    Spells: 4/7 levels left

rFire    . . .     SeeInvis +   a - +0 short sword
rCold    . . .     Faith    .   (no shield)
rNeg     . . .     Spirit   .   l - +0 robe
rPois    .         Reflect  .   (helmet unavailable)
rElec    .         Harm     .   (no cloak)
rCorr    .         Rampage  .   (no gloves)
Will     .....                  (no boots)
Stlth    ++........             (no amulet)
HPRegen  0.10/turn              (no ring)
MPRegen  0.10/turn              (no ring)

@: no status effects
A: permanent stasis, dig shafts and tunnels, four strong arms, antennae 3
a: Dig, Shaft Self


You were on level 2 of the Dungeon.
You visited 1 branch of the dungeon, and saw 2 of its levels.

You collected 47 gold pieces.

Inventory:

Hand Weapons
 a - a +0 short sword (weapon)
Missiles
 b - 48 stones
 e - 24 sling bullets
 f - 22 arrows
Armour
 l - a +0 robe (worn)
Scrolls
 d - a scroll of identify {unknown}
 j - a scroll of remove curse {unknown}
 k - a scroll of teleportation {unknown}
 m - a scroll of enchant armour {unknown}
Potions
 c - a potion of brilliance {unknown}
 g - a potion of attraction {unknown}
 h - a potion of curing {unknown}
 i - 2 potions of degeneration {unknown}
 n - a potion of ambrosia {unknown}
 o - a potion of heal wounds {unknown}


   Skills:
 * Level 0.0 Fighting
 * Level 0.0 Armour
 - Level 1.7 Dodging
 - Level 2.4 Stealth
 * Level 2.2 Spellcasting
 * Level 4.8 Conjurations


You had 4 spell levels left.
You knew the following spells:

 Your Spells              Type           Power        Failure   Level
a - Searing Ray           Conj           38%          3%          2
c - Magic Dart            Conj           76%          2%          1

Your spell library contained the following spells:

 Spells                   Type           Power        Failure   Level
 Dazzling Flash           Conj/Hex       20%          21%         3
 Fulminant Prism          Conj/Hex       5%           54%         4
 Iskenderun's Mystic Bla  Conj/Tloc      10%          54%         4


Dungeon Overview and Level Annotations

Branches:
Dungeon (2/15)

Altars:
Qazlal


Innate Abilities, Weirdness & Mutations

You cannot be hasted, slowed, berserked, paralysed or teleported.
You can dig through walls and to a lower floor.
Your four strong arms can wield two-handed weapons with a shield.
You have a pair of large antennae on your head. (SInv)


Message History

The dart slug is lightly wounded.
Casting: Magic Dart (safe; 2% risk of failure)
Confirm with . or Enter, or press ? or * to list all spells.
Aiming: Searing Ray (safe; 3% risk of failure)
Press: ? - help, Shift-Dir - straight line, f/p - dart slug
Aim: a dart slug (lightly wounded, 0% to evade)
The searing ray hits the dart slug!
The dart slug is almost dead. (Press . to maintain the ray.)
The dart slug launches a dart at you. The slug dart hits you.
The searing ray hits the dart slug.
You kill the dart slug!
You have reached level 4!
You feel stronger.
Really walk into that cloud of freezing vapour?
Really walk into a travel-excluded area?
You are engulfed in freezing vapours.
Ouch! That really hurt!
You die...

#................#
#.##############.# #.#
#..........#.#### #.#
#.########.#.#... #.# #.#
#.#.#.##
#.###.########.#.#.#.
#..##.#......#.#.#.#.
###.####.####.#.#.#.#.
#§...@##.#......#.#.#.
..#####.....##.#......#.#.#.
....†...._....÷#......#.#...
......#.....#..#.......>#.##
......#○....##.#...#.†......
..... ###.####.#...#..###.##
.... ... #.#............ ..
#.#.###.#......####.# .
...).......>........#


There were no monsters in sight!

Vanquished Creatures
  A gnoll (D:1)
  4 dart slugs
  2 ball pythons
  4 giant cockroaches (D:1)
  2 goblins (D:1)
  4 hobgoblins (D:1)
  4 kobolds (D:1)
  4 bats
  2 frilled lizards (D:1)
  4 rats
31 creatures vanquished.

Notes
Turn   | Place    | Note
-------+----------+-------------------------------------------
     0 | D:1      | DildoBatman the Formicid Conjurer began the quest for the
                  | Orb.
     0 | D:1      | Reached XP level 1. HP: 13/13 MP: 3/3
   281 | D:1      | Reached skill level 4 in Conjurations
   281 | D:1      | Reached XP level 2. HP: 4/19 MP: 0/5
   288 | D:1      | Learned a level 2 spell: Searing Ray
   775 | D:1      | Reached XP level 3. HP: 24/24 MP: 3/6
  1254 | D:2      | Found a stormy altar of Qazlal.
  1457 | D:2      | Reached XP level 4. HP: 25/30 MP: 1/7
  1462 | D:2      | Engulfed by a cloud of freezing vapour

Illustrated notes

Levels and vault maps discovered:
D:1:      dpeg_arrival_solitude, layout_basic, serial_curves, eino_curves_02,
          eino_curves_04
D:2:      layout_basic, grunt_qazlal_clouds

Skill      XL: |  1 |
---------------+----+-----
Conjurations   | 4 |  4.8
Dodging        | |  1.7
Stealth        | |  2.4
Spellcasting   | |  2.2

Action                   |  1- 3 |  4- 6 || total
-------------------------+-------+-------++-------
Melee: Unarmed           |    18 |       ||    18
       Club              |     5 |       ||     5
       Short sword       |    13 |       ||    13
 Cast: Magic Dart        |    75 |       ||    75
       Searing Ray       |     3 |       ||     3
 Abil: Dig               |     9 |       ||     9
 Stab: Sleeping          |     1 |       ||     1
Armor: Robe              |    20 |       ||    20
Dodge: Dodged            |    45 |       ||    45
